 Dungeon Crawl Stone Soup version 0.29.1-13-g9f3cf754e1 (webtiles) character file.

Game seed: 10761773223540814167

962 PinkMagic the Chopper (level 7, -4/64 HPs)
             Began as a Minotaur Berserker on Jan 25, 2023.
             Was a Priest of Trog.
             Killed from afar by an orc wizard (9 damage)
             ... with a puff of flame
             ... on level 5 of the Dungeon.
             The game lasted 00:23:08 (1579 turns).

PinkMagic the Chopper (Minotaur Berserker)          Turns: 1579, Time: 00:23:12

Health: -4/64      AC:  9    Str: 23    XL:     7   Next: 92%
Magic:  6/6        EV:  9    Int:  4    God:    Trog [***...]
Gold:   152        SH:  0    Dex: 10    Spells: 6/6 levels left

rFire   . . .      SeeInvis .   r - +0 war axe
rCold   . . .      Faith    .   (no shield)
rNeg    . . .      Spirit   .   e - +0 chain mail
rPois   .          Reflect  .   (helmet restricted)
rElec   .          Harm     .   (no cloak)
rCorr   .          Rampage  .   (no gloves)
Will    .....                   (no boots)
Stlth   ..........              (no amulet)
HPRegen 0.20/turn               (no ring)
MPRegen 0.10/turn               (no ring)

@: confused
A: horns 2, retaliatory headbutt
a: Renounce Religion, Berserk, Trog's Hand


You were on level 5 of the Dungeon.
You worshipped Trog.
Trog was most pleased with you.
You visited 1 branch of the dungeon, and saw 5 of its levels.
You also visited: Ossuary.

You collected 152 gold pieces.

Inventory:

Hand Weapons
 a - a +0 falchion
 i - a +0 sling
 k - a +0 hand axe
 o - a +1 dagger of draining
 r - a +0 war axe (weapon)
 s - a +0 spear
Missiles
 f - 8 stones (quivered)
 x - 2 boomerangs
Armour
 e - a +0 chain mail (worn)
Scrolls
 d - 4 scrolls of identify {unknown}
 h - a scroll of fear {unknown}
 l - a scroll of immolation {unknown}
 m - a scroll of magic mapping {unknown}
 p - 2 scrolls of teleportation {unknown}
 t - a scroll of enchant armour {unknown}
 u - a scroll of poison {unknown}
Potions
 c - 4 potions of degeneration {unknown}
 g - a potion of lignification {unknown}
 j - 2 potions of heal wounds {unknown}
 n - a potion of attraction {unknown}
 q - a potion of flight {unknown}
 v - 2 potions of curing {unknown}


   Skills:
 + Level 6.5 Fighting
 + Level 5.0 Long Blades
 + Level 7.5 Axes
 + Level 4.1 Armour
 + Level 3.1 Dodging
 + Level 0.1 Stealth


You had 6 spell levels left.
You didn't know any spells.
Your spell library contained the following spells:

 Spells                   Type           Power      Damage    Failure   Level
 Hailstorm                Conj/Ice       0%         3d3       100%        4
 Ice Form                 Ice/Tmut       0%         N/A       100%        4
 Simulacrum               Ice/Necr       0%         N/A       100%        6


Dungeon Overview and Level Annotations

Branches:
Dungeon (5/15)             Temple (0/1) D:5         Ossuary (visited)

Altars:
Makhleb
Uskayaw


Innate Abilities, Weirdness & Mutations

You have a pair of horns on your head.
You reflexively headbutt those who attack you in melee.


Message History

You drop a +0 scale mail.
You drop a +0 ring mail.
You drop a +0 ring mail.
An orc comes into view. It is wielding a +0 whip.
The orc shouts!
An orc wizard comes into view. It is wielding a +0 dagger.
The orc wizard shouts!
You hit the orc but do no damage.
You hear a shout!
The orc barely misses you. You furiously retaliate!
You headbutt the orc. You slash the orc!
You kill the orc!
Trog accepts your kill. The orc wizard casts a spell at you.
You are confused.
Things that are here:
a +0 whip; a +0 scale mail; an orc corpse An orc priest comes into view.
It is wielding a +0 club.
The orc priest shouts!
An adder comes into view.
The orc wizard hits you with a +0 dagger.
You bump into the rock wall.
The orc priest begins to cast a cantrip, but forgets the words!
The orc wizard gestures at you while chanting.
You are more confused.
You barely miss the orc wizard. Your headbutt misses the orc wizard.
The orc wizard gestures at you while chanting.
You resist with some effort.
The orc priest mumbles some strange prayers to Beogh against you.
Beogh smites you!
You slash the orc wizard!
The orc wizard is heavily wounded.
The orc wizard hits you but does no damage.
You bump into the rock wall.
The orc priest calls down the wrath of Beogh upon you.
Beogh smites you!
* * * LOW HITPOINT WARNING * * *
The orc wizard points at you and mumbles some strange words.
The puff of flame hits you!
You die...

#........
#####.##..... ####
.........^### #....
#.....##.....
.#..### #.## #.####
.....# #.# #.# #
#.#.####.######.####
#.ooS...)[..........
##.@#....######.####
.....#..#.#### ##.#
..>..##...# #..#
.... ...#.# #.#....
#.. ##...# #. .###
#. ..#.# #. .### #
..##.# #. .... . #.
#### #..# #. #..


You could see an orc priest, an orc wizard and an adder.

Vanquished Creatures
  Menkaure (D:5)
  A water moccasin (D:5)
  An elf zombie (Ossuary)
  2 necrophages (D:5)
  A scorpion (D:5)
  3 centaur zombies (Ossuary)
  A hound (D:5)
  2 human zombies (Ossuary)
  An orc priest (D:5)
  Jessica (D:2)
  An orc wizard (D:5)
  3 hound zombies (Ossuary)
  3 mummies (Ossuary)
  5 adders
  5 adder zombies (Ossuary)
  A worm (D:2)
  A dart slug (D:4)
  9 orcs
  2 ball pythons
  2 endoplasms
  3 giant cockroaches
  A gnoll zombie (Ossuary)
  A goblin (D:4)
  A hobgoblin (D:3)
  5 kobolds
  A quokka (D:4)
  3 bats (D:2)
  A frilled lizard (D:3)
  3 goblin zombies (Ossuary)
  A hobgoblin zombie (Ossuary)
  A jackal zombie (Ossuary)
  4 kobold zombies (Ossuary)
  An orc zombie (Ossuary)
  6 quokka zombies (Ossuary)
  A rat (D:3)
  4 rat zombies (Ossuary)
83 creatures vanquished.

Notes
Turn   | Place    | Note
-------+----------+-------------------------------------------
     0 | D:1      | PinkMagic the Minotaur Berserker began the quest for the
                  | Orb.
     0 | D:1      | Reached XP level 1. HP: 19/19 MP: 0/0
    46 | D:2      | Noticed Jessica
    52 | D:2      | Killed Jessica
    53 | D:2      | Reached XP level 2. HP: 20/27 MP: 1/1
    53 | D:2      | Reached XP level 3. HP: 25/33 MP: 2/2
   321 | D:3      | Found a burning altar of Makhleb.
   366 | D:3      | Noticed a balrug
   370 | D:3      | Noticed a smoke demon
   370 | D:3      | Noticed a neqoxec
   426 | D:3      | Reached XP level 4. HP: 41/41 MP: 3/3
   452 | D:3      | Reached ** piety under Trog
   453 | D:3      | Reached skill level 5 in Long Blades
   616 | D:4      | Noticed a +0 falchion
   617 | D:4      | Noticed a +0 dagger
   617 | D:4      | Noticed a +0 spear
   617 | D:4      | Noticed a +0 spear
   617 | D:4      | Noticed a +0 dagger
   618 | D:4      | Noticed a +0 short sword
   619 | D:4      | Noticed a +0 falchion
   619 | D:4      | Noticed a +0 short sword
   625 | D:4      | Found a hide-covered altar of Uskayaw.
   653 | D:4      | Found a sand-covered staircase.
   658 | Ossuary  | Entered an ossuary
   699 | Ossuary  | Reached skill level 5 in Fighting
   704 | Ossuary  | Reached skill level 1 in Axes
   704 | Ossuary  | Reached XP level 5. HP: 42/48 MP: 4/4
   725 | Ossuary  | Reached skill level 2 in Axes
   797 | Ossuary  | Reached skill level 3 in Axes
   818 | Ossuary  | Reached skill level 4 in Axes
   818 | Ossuary  | Reached XP level 6. HP: 30/56 MP: 5/5
   902 | Ossuary  | Reached skill level 5 in Axes
  1264 | D:5      | Entered Level 5 of the Dungeon
  1274 | D:5      | Reached XP level 7. HP: 56/62 MP: 6/6
  1368 | D:5      | Reached *** piety under Trog
  1427 | D:5      | Reached skill level 6 in Axes
  1498 | D:5      | Noticed Menkaure
  1504 | D:5      | Killed Menkaure
  1529 | D:5      | Found a staircase to the Ecumenical Temple.
  1542 | D:5      | Reached skill level 7 in Axes
  1579 | D:5      | Killed from afar by an orc wizard

Illustrated notes

Levels and vault maps discovered:
D:1:      amcnicky_arrival_flooded_fountain, layout_loops_corners,
          dreamdust_ecumenical_altar_statues, chequers_serial_rivers_micro_e,
          nicolae_grassy_gnolls
D:2:      layout_loops_cross, uniq_robin, uniq_jessica
D:3:      kennysheep_six_static_rooms, layout_basic, lemuel_blue_sif_altar,
          makhleb_altar_promises_db, old_standard_altar, grunt_ministairs_11,
          minmay_fractal_squares_diagonal_5
D:4:      layout_loops_cross, nemelex_spade_bored_becter,
          nicolae_uskayaw_en_pointe, enter_ossuary_5,
          chequers_serial_rivers_small_a, uniq_ijyb
D:5:      layout_loops_ring, minmay_temple_entry_slanted, uniq_menkaure

Skill      XL: |  1  2  3  4  5  6  7 |
---------------+----------------------+-----
Fighting       | 4 5 6 |  6.5
Long Blades    | 4 5 |  5.0
Armour         | 3 4 |  4.1
Axes           | 1 4 5 7 |  7.5
Dodging        | 3 |  3.1
Stealth        | |  0.1

Action                   |  1- 3 |  4- 6 |  7- 9 || total
-------------------------+-------+-------+-------++-------
Melee: Falchion          |    39 |    22 |       ||    61
       Headbutt          |     8 |    20 |     7 ||    35
       War axe           |       |   123 |    51 ||   174
       Punch             |       |     1 |       ||     1
Armor: Animal skin       |     5 |       |       ||     5
       Chain mail        |    13 |   107 |    28 ||   148
Dodge: Dodged            |    31 |    64 |    15 ||   110
